General information
- name: BNet
- type: Ladder team game (AT/RT)
- host: Battle.net
- saver: lIlIlIIlIllIllI
map: Deadlock
- players: 8
- length: 15:12
- speed: Fast
- version: 1.26 W3XP
- replay type: Public
» download(82 KB)
Players
team 1 (loser)
C02 (
yellow | 63 APM | 501 actions | 07:57)
2 Blood Mage
1 Flame Strike
1 Siphon Mana
» actions
| Assign group hotkey | 7 | |
| Basic commands | 35 | |
| Build / train | 17 | |
| ESC pressed | 3 | |
| Enter build submenu | 6 | |
| Enter hero's abilities submenu | 2 | |
| Right click | 187 | |
| Select / deselect | 129 | |
| Select group hotkey | 95 | |
| Use ability | 20 | |
501 total
» units
» buildings
| Farm | 3 | |
| Altar of Kings | 2 | |
| Barracks | 1 | |
6 total
» build order
00:07 Farm
00:09 Altar of Kings
00:13 Altar of Kings
00:17 Barracks
00:50 Farm
01:39 Farm
TasteMy[S]hit (
blue | 52 APM | 794 actions | 15:12)
1 Demon Hunter
1 Immolation
» actions
| Assign group hotkey | 10 | |
| Basic commands | 6 | |
| Build / train | 27 | |
| Enter build submenu | 25 | |
| Enter hero's abilities submenu | 1 | |
| Right click | 377 | |
| Select / deselect | 114 | |
| Select group hotkey | 188 | |
| Use ability | 46 | |
794 total
» units
» upgrades
| Improved Bows | 1 | |
| Nature's Blessing | 1 | |
2 total
» buildings
| Altar of Elders | 1 | |
| Ancient of War | 2 | |
| Moon Well | 7 | |
| Ancient of Wonders | 1 | |
| Tree of Life | 4 | |
| Tree of Ages | 1 | |
| Hunter's Hall | 1 | |
| Ancient of Wind | 3 | |
20 total
» build order
00:16 Altar of Elders
00:23 Ancient of War
00:42 Moon Well
01:43 Moon Well
02:01 Ancient of Wonders
02:13 Moon Well
03:46 Tree of Life
04:28 Tree of Ages
05:01 Moon Well
05:17 Moon Well
06:14 Hunter's Hall
07:02 Ancient of Wind
07:06 Ancient of Wind
07:13 Ancient of Wind
07:29 Ancient of War
09:13 Tree of Life
09:32 Moon Well
10:07 Moon Well
11:37 Tree of Life
12:21 Tree of Life
» items
| Boots of Speed | 1 | |
| Staff of Teleportation | 1 | |
| Lesser Clarity Potion | 1 | |
3 total
Michel.veloso (
purple | 29 APM | 174 actions | 05:56)
1 Demon Hunter
1 Immolation
» actions
| Assign group hotkey | 2 | |
| Basic commands | 1 | |
| Build / train | 18 | |
| Enter build submenu | 7 | |
| Enter hero's abilities submenu | 1 | |
| Right click | 47 | |
| Select / deselect | 39 | |
| Select group hotkey | 44 | |
| Use ability | 15 | |
174 total
» units
» buildings
| Moon Well | 2 | |
| Altar of Elders | 1 | |
| Ancient of War | 1 | |
| Hunter's Hall | 1 | |
| Ancient Protector | 1 | |
6 total
» build order
00:12 Moon Well
00:51 Altar of Elders
01:13 Ancient of War
01:50 Moon Well
02:30 Hunter's Hall
04:22 Ancient Protector
new_human_123 (
pink | 42 APM | 334 actions | 08:00)
» actions
| Assign group hotkey | 1 | |
| Basic commands | 6 | |
| Build / train | 19 | |
| ESC pressed | 14 | |
| Enter build submenu | 18 | |
| Remove unit from queue | 1 | |
| Right click | 119 | |
| Select / deselect | 102 | |
| Select group hotkey | 26 | |
| Use ability | 28 | |
334 total
» units
» upgrades
» buildings
| Lumber Mill | 1 | |
| Farm | 1 | |
| Scout Tower | 4 | |
| Town Hall | 1 | |
| Guard Tower | 1 | |
| Ancient Protector | 5 | |
13 total
» build order
00:15 Lumber Mill
01:20 Farm
02:32 Scout Tower
04:55 Town Hall
05:13 Scout Tower
05:26 Scout Tower
05:43 Guard Tower
05:45 Scout Tower
06:47 Ancient Protector
06:53 Ancient Protector
07:01 Ancient Protector
07:04 Ancient Protector
07:08 Ancient Protector
team 2 (winner)
Feuergeist (
green | 26 APM | 398 actions | 15:12)
4 Death Knight
2 Death Coil
2 Unholy Aura
1 Dark Ranger
1 Black Arrow
» actions
| Basic commands | 33 | |
| Build / train | 59 | |
| Enter build submenu | 19 | |
| Enter hero's abilities submenu | 5 | |
| Right click | 100 | |
| Select / deselect | 154 | |
| Use ability | 28 | |
398 total
» units
| Acolyte | 12 | |
| Ghoul | 20 | |
| Crypt Fiend | 3 | |
| Obsidian Statue | 2 | |
| Frost Wyrm | 2 | |
39 total
» upgrades
| Creature Attack | 3 | |
| Creature Carapace | 3 | |
| Freezing Breath | 1 | |
| Destroyer Form | 1 | |
| Ghoul Frenzy | 1 | |
9 total
» buildings
| Ziggurat | 9 | |
| Crypt | 1 | |
| Altar of Darkness | 1 | |
| Halls of the Dead | 1 | |
| Graveyard | 1 | |
| Tomb of Relics | 1 | |
| Slaughterhouse | 1 | |
| Black Citadel | 1 | |
| Sacrificial Pit | 1 | |
| Boneyard | 2 | |
19 total
» build order
00:15 Ziggurat
00:25 Crypt
00:38 Altar of Darkness
01:13 Ziggurat
02:56 Halls of the Dead
03:14 Graveyard
03:30 Tomb of Relics
04:19 Ziggurat
06:11 Ziggurat
06:26 Slaughterhouse
07:24 Black Citadel
08:07 Sacrificial Pit
08:17 Ziggurat
08:24 Ziggurat
08:26 Ziggurat
09:59 Boneyard
10:04 Boneyard
11:23 Ziggurat
11:36 Ziggurat
lIlIlIIlIllIllI (
teal | 116 APM | 1757 actions | 15:12)
5 Firelord
3 Summon Lava Spawn
2 Soul Burn
» actions
| Assign group hotkey | 64 | |
| Basic commands | 73 | |
| Build / train | 82 | |
| Enter build submenu | 25 | |
| Enter hero's abilities submenu | 6 | |
| Give item / drop item | 1 | |
| Right click | 542 | |
| Select / deselect | 226 | |
| Select group hotkey | 609 | |
| Use ability | 129 | |
1757 total
» units
| Peasant | 18 | |
| Footman | 16 | |
| Mortar Team | 2 | |
| Siege Engine | 1 | |
37 total
» upgrades
| Masonry | 3 | |
| Defend | 1 | |
| Swords | 2 | |
| Lumber Harvesting | 2 | |
| Gunpowder | 2 | |
| Fragmentation Shards | 1 | |
| Flare | 1 | |
| Animal War Training | 1 | |
| Barrage | 1 | |
14 total
» buildings
| Barracks | 2 | |
| Altar of Kings | 1 | |
| Farm | 8 | |
| Lumber Mill | 1 | |
| Town Hall | 1 | |
| Scout Tower | 5 | |
| Guard Tower | 3 | |
| Arcane Vault | 1 | |
| Keep | 3 | |
| Blacksmith | 1 | |
| Workshop | 2 | |
| Castle | 1 | |
29 total
» build order
00:08 Barracks
00:11 Altar of Kings
00:21 Farm
00:58 Farm
01:43 Farm
02:55 Lumber Mill
04:19 Town Hall
04:33 Scout Tower
05:11 Guard Tower
05:11 Guard Tower
06:01 Arcane Vault
06:41 Farm
07:03 Keep
07:03 Keep
07:03 Keep
08:02 Blacksmith
08:32 Barracks
09:26 Workshop
09:27 Workshop
09:38 Castle
11:19 Farm
13:26 Farm
13:27 Farm
13:27 Farm
13:30 Scout Tower
13:31 Scout Tower
13:34 Scout Tower
13:35 Scout Tower
14:37 Guard Tower
» items
| Scroll of Town Portal | 1 | |
| Periapt of Vitality | 1 | |
| Boots of Speed | 1 | |
| Staff of Teleportation | 1 | |
| Circlet of Nobility | 1 | |
| Potion of Lesser Invulnerability | 3 | |
| Scroll of Healing | 1 | |
9 total
evilgirl (
red | 23 APM | 347 actions | 15:12)
2 Mountain King
1 Storm Bolt
1 Thunder Clap
» actions
| Assign group hotkey | 12 | |
| Basic commands | 31 | |
| Build / train | 38 | |
| Enter build submenu | 19 | |
| Enter hero's abilities submenu | 2 | |
| Remove unit from queue | 3 | |
| Right click | 87 | |
| Select / deselect | 105 | |
| Select group hotkey | 24 | |
| Use ability | 26 | |
347 total
» units
| Peasant | 7 | |
| Rifleman | 5 | |
| Gryphon Rider | 5 | |
17 total
» upgrades
| Gunpowder | 3 | |
| Lumber Harvesting | 2 | |
| Long Rifles | 1 | |
| Armor | 2 | |
| Storm Hammers | 1 | |
| Swords | 1 | |
10 total
» buildings
| Altar of Kings | 1 | |
| Farm | 8 | |
| Blacksmith | 1 | |
| Barracks | 1 | |
| Arcane Vault | 1 | |
| Keep | 1 | |
| Lumber Mill | 1 | |
| Scout Tower | 2 | |
| Castle | 1 | |
| Gryphon Aviary | 2 | |
| Guard Tower | 2 | |
21 total
» build order
00:11 Altar of Kings
00:42 Farm
01:16 Blacksmith
01:22 Farm
01:43 Barracks
02:42 Arcane Vault
04:04 Farm
04:16 Farm
04:18 Keep
05:06 Lumber Mill
06:51 Scout Tower
06:57 Scout Tower
07:04 Castle
07:09 Gryphon Aviary
07:27 Guard Tower
07:31 Guard Tower
09:05 Gryphon Aviary
10:45 Farm
10:47 Farm
12:16 Farm
13:26 Farm
» items
MasterProtoss (
orange | 32 APM | 487 actions | 15:12)
4 Shadow Hunter
2 Healing Wave
1 Hex
1 Serpent Ward
» actions
| Assign group hotkey | 8 | |
| Basic commands | 37 | |
| Build / train | 39 | |
| Enter build submenu | 16 | |
| Enter hero's abilities submenu | 4 | |
| Give item / drop item | 2 | |
| Right click | 67 | |
| Select / deselect | 134 | |
| Select group hotkey | 144 | |
| Use ability | 36 | |
487 total
» units
» upgrades
| Berserker Strength | 1 | |
| Armor | 3 | |
| Melee Weapons | 3 | |
| Pillage | 1 | |
| Spiked Barricades | 1 | |
| Shaman Training | 1 | |
10 total
» buildings
| Orc Burrow | 9 | |
| Altar of Storms | 1 | |
| Barracks | 2 | |
| Stronghold | 1 | |
| Voodoo Lounge | 1 | |
| War Mill | 1 | |
| Fortress | 1 | |
| Spirit Lodge | 2 | |
18 total
» build order
00:21 Orc Burrow
00:37 Altar of Storms
00:56 Orc Burrow
01:24 Orc Burrow
01:54 Barracks
02:10 Barracks
03:53 Stronghold
05:32 Voodoo Lounge
06:00 War Mill
06:09 Orc Burrow
06:23 Fortress
07:22 Orc Burrow
07:34 Orc Burrow
08:30 Orc Burrow
09:55 Orc Burrow
11:36 Orc Burrow
12:40 Spirit Lodge
12:48 Spirit Lodge
» items
| Healing Salve | 1 | |
| Orb of Lightning | 1 | |
| Potion of Mana | 2 | |
4 total
Chat log
(00:45 / Allies) MasterProtoss: grunts sham taurn
(00:49 / Allies) lIlIlIIlIllIllI: pitlord
(02:05 / All) lIlIlIIlIllIllI: what the fuck is that?
(02:29 / Allies) lIlIlIIlIllIllI: fuck went fl instead of pl
(02:34 / Allies) lIlIlIIlIllIllI: stupid i and o keys
(02:36 / Allies) Feuergeist: lets go for pink
(02:47 / All) lIlIlIIlIllIllI: dumb faggot your shitty tower rush isn't working
(02:48 / Allies) Feuergeist: fl is good too
(03:05 / Allies) lIlIlIIlIllIllI: not for the build I was going for
(03:11 / All) new_human_123: ROFL
(03:13 / Allies) lIlIlIIlIllIllI: was going to invisiharass
(03:14 / All) new_human_123: now yellow is tking
(03:22 / All) lIlIlIIlIllIllI: You deserve it for being so fucking bad
(03:23 / All) new_human_123: can u stop it?
(03:25 / All) lIlIlIIlIllIllI: you would have lost anyway
(03:36 / All) new_human_123: AND PURPLE IS TKING YELLOW
(03:40 / All) lIlIlIIlIllIllI: hahahahahha
(04:41 / All) Michel.veloso: GG
(04:43 / All) lIlIlIIlIllIllI: gg out
(04:45 / All) Michel.veloso: yellow idiot
(04:50 / All) new_human_123: yello widiot
(04:51 / All) TasteMy[S]hit: BG
(04:57 / All) C02: me idiot? with this stupid tower rush
(04:59 / All) C02: lol!
(05:28 / All) new_human_123: QUICK
(05:29 / All) new_human_123: TOWERS
(05:58 / All) new_human_123: WQOOOOOD
(05:58 / All) C02: GO GO GO
(06:05 / All) lIlIlIIlIllIllI: lol
(06:13 / All) new_human_123: WOOOOODODODODODOD
(07:45 / All) C02: LOL!
(07:57 / All) lIlIlIIlIllIllI: free xp woot!
(07:58 / All) new_human_123: yellow you noob ass
(08:06 / All) MasterProtoss: omfg...
(08:21 / All) TasteMy[S]hit: I WILL AKF ALITLE TIME
(08:35 / All) TasteMy[S]hit: U GUYS JUST NEED TO CLEAN US BASE
(08:36 / All) Feuergeist: or just go
(08:37 / All) TasteMy[S]hit: GL
(09:05 / Allies) lIlIlIIlIllIllI: go
(09:11 / Allies) lIlIlIIlIllIllI: this is not time to creep wtf
(14:10 / All) lIlIlIIlIllIllI: bye
(15:05 / Allies) lIlIlIIlIllIllI: hi
(15:08 / All) lIlIlIIlIllIllI: You can go now
(15:09 / All) lIlIlIIlIllIllI: sup